 Dungeon Crawl Stone Soup version 0.22.0-38-g04b72b8 (webtiles) character file.

297 Monsterracer the Firebug (level 6, -2/45 HPs)
             Began as a Hill Orc Fire Elementalist on Aug 29, 2018.
             Slain by a killer bee (10 damage)
             ... on level 3 of the Dungeon.
             The game lasted 00:06:42 (5054 turns).

Monsterracer the Firebug (HOFE)                     Turns: 5054, Time: 00:06:43

Health: -2/45      AC:  3    Str: 11    XL:     6   Next: 35%
Magic:  9/9        EV: 12    Int: 17    God:
Gold:   49         SH:  0    Dex: 17    Spells: 2/10 levels left

rFire    . . .     SeeInvis .   a - +2 mace (protect)
rCold    . . .     Gourm    .   (no shield)
rNeg     . . .     Faith    .   o - +0 robe
rPois    .         Spirit   .   (no helmet)
rElec    .         Reflect  .   r - +0 cloak
rCorr    .         Harm     .   (no gloves)
MR       .....                  p - -1 pair of boots (curse)
Stlth    +++.......             j - amulet of the acrobat
HPRegen  0.15/turn              d - +6 ring of dexterity
MPRegen  0.11/turn              l - ring of stealth

@: lethally poisoned (-2 -> -6), about to teleport
A: no striking features
a: no special abilities


You were on level 3 of the Dungeon.
You were not hungry.

You visited 1 branch of the dungeon, and saw 4 of its levels.

You collected 94 gold pieces.
You spent 45 gold pieces at shops.

Inventory:

Hand Weapons
 a - a +2 mace of protection (weapon)
 b - a +0 halberd
Armour
 o - a +0 robe (worn)
 p - a cursed -1 pair of boots (worn)
 r - a +0 cloak (worn)
Jewellery
 d - a +6 ring of dexterity (left hand)
 j - an amulet of the acrobat (around neck)
 l - a ring of stealth (right hand)
Scrolls
 g - 3 scrolls of identify
 k - a scroll of remove curse
 n - a scroll of teleportation {!r}
Potions
 e - a potion of might
 f - a potion of flight
 h - a potion of invisibility
 q - a potion of curing
Comestibles
 c - 5 rations


   Skills:
 - Level 1.5 Dodging
 - Level 1.5 Stealth
 + Level 2.5 Spellcasting
 * Level 3.9 Conjurations
 * Level 5.4 Fire Magic


You had 2 spell levels left.
You knew the following spells:

 Your Spells              Type           Power        Failure   Level  Hunger
a - Flame Tongue          Conj/Fire      ###..        2%          1    #......
b - Conjure Flame         Conj/Fire      ###.....     8%          3    ###....
c - Sticky Flame          Conj/Fire      ###.....     26%         4    #####..

Your spell library contained the following spells:

 Spells                   Type           Power        Failure   Level  Hunger
 Throw Flame              Conj/Fire      ###...       4%          2    ##.....
 Inner Flame              Hex/Fire       ##......     19%         3    ###....
 Fireball                 Conj/Fire      ###.......   58%         5    ######.


Dungeon Overview and Level Annotations

Branches:
Dungeon (4/15)
 Temple: D:4-7

Altars:
Nemelex Xobeh
Sif Muna
Wu Jian

Shops:
D:4 [}


Message History

You destroy the bullfrog skeleton!
You now have 4/9 mp.
Unknown command.
Eating one of 2 chunks of flesh.
You eat one of the 2 chunks of flesh.
This raw flesh tastes terrible.
Found a leather armour.
MP restored: 9 A worm comes into view.
A worm is nearby!
Casting: Flame Tongue (safe; 2% risk of failure)
Confirm with . or Enter, or press ? or * to list all spells.
Aiming: Flame Tongue (safe; 2% risk of failure)
Press: ? - help, Shift-Dir - straight line, f - worm
Aim: a worm The flame tongue hits the worm.
The worm is heavily wounded.
You now have 8/9 mp.
Casting: Flame Tongue (safe; 2% risk of failure)
Confirm with . or Enter, or press ? or * to list all spells.
Aiming: Flame Tongue (safe; 2% risk of failure)
Press: ? - help, Shift-Dir - straight line, f/p - worm
Aim: a worm (heavily wounded)
The flame tongue hits the worm.
The worm is almost dead.
You now have 7/9 mp.
Casting: Flame Tongue (safe; 2% risk of failure)
Confirm with . or Enter, or press ? or * to list all spells.
Aiming: Flame Tongue (safe; 2% risk of failure)
Press: ? - help, Shift-Dir - straight line, f/p - worm
Aim: a worm (almost dead)
The flame tongue hits the worm.
The worm appears unharmed.
The worm is almost dead.
You now have 6/9 mp.
Casting: Flame Tongue (safe; 2% risk of failure)
Confirm with . or Enter, or press ? or * to list all spells.
Aiming: Flame Tongue (safe; 2% risk of failure)
Press: ? - help, Shift-Dir - straight line, f/p - worm
Aim: a worm (almost dead)
The flame tongue hits the worm.
You kill the worm!
You now have 5/9 mp.
Casting: Flame Tongue (safe; 2% risk of failure)
Confirm with . or Enter, or press ? or * to list all spells.
You can't see any susceptible monsters within range! (Use Z to cast anyway.) Unknown command.
All of the chunks of flesh in your inventory have rotted away. 3 killer bees come into view.
The killer bee buzzes angrily. x2; You hear an angry buzzing noise. x2
A killer bee comes into view.
You hear an angry buzzing noise.
MP restored: 9
There are monsters nearby!
A killer bee comes into view.
The killer bee completely misses you.
Casting: Flame Tongue (safe; 2% risk of failure)
Confirm with . or Enter, or press ? or * to list all spells.
Okay, then.
You aren't carrying any items that you can evoke without wielding.
The killer bee completely misses you. The killer bee misses you.
The killer bee closely misses you. The killer bee barely misses you.
The killer bee barely misses you. The killer bee closely misses you.
The killer bee misses you. x2
The killer bee stings you but does no damage.
The killer bee misses you. The killer bee barely misses you.
The killer bee barely misses you. The killer bee completely misses you.
The killer bee misses you. The killer bee barely misses you.
The killer bee misses you. The killer bee completely misses you.
The killer bee completely misses you. x2; The killer bee barely misses you.
The killer bee stings you! The killer bee stings you.
There is a stone staircase leading up, spattered with blood here.
You take 10 damage, and have 35/45 hp.
MASSIVE DAMAGE!!
The killer bee closely misses you. The killer bee stings you.
The killer bee barely misses you. The killer bee closely misses you.
The killer bee barely misses you. The killer bee stings you!
You are poisoned.
The killer bee poisons you! The killer bee barely misses you.
The killer bee closely misses you.
You climb upwards.
You feel sick.
There is a stone staircase leading down here.
You take 11 damage, and have 24/45 hp.
MASSIVE DAMAGE!!
Really read
n - 2 scrolls of teleportation {!r}?
As you read the scroll of teleportation {!r}, it crumbles to dust.
You feel strangely unstable.
You feel sick. The killer bee stings you.
* * * LOW HITPOINT WARNING * * *
You are more poisoned.
The killer bee poisons you! The killer bee stings you!
* * * LOW HITPOINT WARNING * * *
The killer bee stings you.
* * * LOW HITPOINT WARNING * * *
The killer bee closely misses you.
You take 17 damage, and have 7/45 hp.
MASSIVE DAMAGE!!
You feel better. The killer bee stings you!
* * * LOW HITPOINT WARNING * * *
You are poisoned.
The killer bee poisons you! The killer bee barely misses you.
The killer bee misses you. The killer bee stings you!
You die...

#.#..#.#
#.#..#.# #
#.##...# #
#.##...# #
#.###..# #
#.# #..# #
#.# #yy#
###########.#
#yy#
'...(.....#.#
##@#
#########.#.#
### # #.#.#
#.#.# #.#.#
#.#.# #.#.#
##### #.#.#
#...#####.#.#


You could see 4 killer bees.

Vanquished Creatures
  A hound (D:4)
  A bullfrog skeleton (D:4)
  2 worker ants (D:4)
  5 gnolls
  6 adders
  An ooze (D:2)
  3 worms
  A dart slug (D:3)
  A leopard gecko (D:1)
  An orc (D:3)
  3 ball pythons
  4 giant cockroaches
  12 goblins
  8 hobgoblins
  2 jackals (D:1)
  4 quokkas
  11 bats
  3 frilled lizards
  8 kobolds
  6 rats
83 creatures vanquished.

Notes
Turn   | Place    | Note
-------+----------+-------------------------------------------
     0 | D:1      | Monsterracer the Hill Orc Fire Elementalist began the quest for the Orb.
     0 | D:1      | Reached XP level 1. HP: 14/14 MP: 3/3
   153 | D:1      | HP: 6/14 [jackal (3)]
   167 | D:1      | HP: 5/14 [jackal (1)]
   447 | D:1      | Reached XP level 2. HP: 20/20 MP: 2/4
   835 | D:1      | Reached XP level 3. HP: 26/26 MP: 3/5
   840 | D:1      | Learned a level 3 spell: Conjure Flame
  1422 | D:1      | Reached skill level 4 in Fire Magic
  1433 | D:1      | HP: 13/26 [poisoned by an adder]
  1593 | D:2      | HP: 12/26 [goblin/club (6)]
  1856 | D:2      | Reached XP level 4. HP: 33/33 MP: 2/7
  2340 | D:2      | Found an ornate altar of the Wu Jian Council.
  2713 | D:2      | Reached XP level 5. HP: 29/38 MP: 1/8
  2731 | D:1      | HP: 13/38 [gnoll (8)]
  2756 | D:1      | HP: 15/38 [gnoll (1)]
  2765 | D:1      | HP: 11/38 [gnoll (5)]
  2993 | D:1      | Learned a level 4 spell: Sticky Flame
  3775 | D:3      | Found a deep blue altar of Sif Muna.
  4046 | D:3      | Found a sparkling altar of Nemelex Xobeh.
  4355 | D:4      | Found Caowovi's Armour Emporium.
  4406 | D:4      | Reached skill level 5 in Fire Magic
  4495 | D:4      | Bought a +0 cloak for 45 gold pieces
  4520 | D:4      | Found Xibebb's Gadget Emporium.
  4529 | D:4      | Reached XP level 6. HP: 27/45 MP: 3/9
  4533 | D:4      | HP: 22/45 [poisoned by a worker ant]
  4538 | D:4      | HP: 19/45 [poisoned by a worker ant]
  4543 | D:4      | HP: 17/45 [poisoned by a worker ant]
  4548 | D:4      | HP: 16/45 [poisoned by a worker ant]
  4555 | D:4      | HP: 15/45 [poisoned by a worker ant]
  4563 | D:4      | HP: 14/45 [poisoned by a worker ant]
  5053 | D:3      | HP: 21/45 [killer bee (2)]
  5053 | D:3      | HP: 7/45 [killer bee (4)]
  5054 | D:3      | Slain by a killer bee

Skill      XL: |  1  2  3  4  5 |
---------------+----------------+-----
Conjurations   | 2 3 |  3.9
Fire Magic     | 4 5 |  5.4
Spellcasting   | 2 |  2.5
Dodging        | |  1.5
Stealth        | |  1.5

Action                   |  1- 3 |  4- 6 || total
-------------------------+-------+-------++-------
Melee: Spear             |     3 |       ||     3
       Unarmed           |     1 |       ||     1
       Halberd           |       |     5 ||     5
 Cast: Flame Tongue      |    53 |   139 ||   192
       Conjure Flame     |       |     1 ||     1
  Use: Scroll            |       |    10 ||    10
       Potion            |       |     1 ||     1
  Eat: Chunk             |     4 |    12 ||    16
Armor: Robe              |     7 |     9 ||    16
Dodge: Dodged            |    44 |    85 ||   129

Vault maps used:
D:1:      lightli_arrival_quake
D:2:      overflow_temple_1_default
D:3:      nemelex_xobeh_ov_fountains_minmay, lemuel_blue_sif_altar
D:4:      zin_academy, nicolae_ru_the_path_less_chosen, serial_shops, shop,
          shop, kennysheep_little_box,
          nicolae_shop_temple_entry_statues_fountains
